 Dungeon Crawl Stone Soup version 0.17.0-28-g6e173f8 (webtiles) character file.

38 MrRokkomies the Vexing (level 3, 0/16 HPs)
             Began as a Vine Stalker Enchanter on Nov 25, 2015.
             Succumbed to an adder's poison
             ... on level 2 of the Dungeon.
             The game lasted 00:04:55 (1087 turns).

MrRokkomies the Vexing (Vine Stalker Enchanter)     Turns: 1087, Time: 00:04:55

Health: 0/16       AC:  3    Str: 10    XL:     3   Next: 43%
Magic:  2/7        EV: 11    Int: 16    God:
Gold:   43         SH:  0    Dex: 14    Spells: 2 memorised, 3 levels left

rFire  . . .     SeeInvis .     a - +1 dagger
rCold  . . .     Clarity  .     f - +0 leather armour
rNeg   . . .     SustAt   .     (no shield)
rPois  .         Gourm    .     (no helmet)
rElec  .         Spirit   +     (no cloak)
rCorr  .         Warding  .     (no gloves)
rMut   .         Stasis   .     (no boots)
MR     .....                    (no amulet)
Stlth  ++........               (no ring)
                                (no ring)

@: lethally poisoned (0 -> -1), very slightly contaminated, hasted, very quick,
not resistant to hostile enchantments, unstealthy
A: fangs 2, regeneration 1, magic shield, antimagic bite, no device heal 3, rot
immunity
a: no special abilities


You were on level 2 of the Dungeon.
You were not hungry.

You visited 1 branch of the dungeon, and saw 2 of its levels.

You collected 43 gold pieces.

Inventory:

Hand Weapons
 a - a +1 dagger (weapon)
Missiles
 t - 4 javelins (quivered)
Armour
 f - a +0 leather armour (worn)
Jewellery
 q - an uncursed amulet of stasis
Scrolls
 b - a scroll of magic mapping {unknown}
 e - a scroll of teleportation
 g - a scroll of recharging {unknown}
 k - a scroll of immolation {unknown}
 l - 2 scrolls of fear
 m - a scroll of fog
 p - a scroll of noise {unknown}
 r - a scroll of enchant armour {unknown}
Potions
 i - a potion of poison
 j - 2 potions of heal wounds
Books
 c - a book of Maledictions

   Spells                             Type                      Level
   a - Corona                         Hexes                        1
   b - Ensorcelled Hibernation        Hexes/Ice                    2
   c - Confuse                        Hexes                        3
   d - Tukima's Dance                 Hexes                        3
   e - Dazzling Spray                 Conjuration/Hexes            3
Comestibles
 d - 3 bread rations
 h - a meat ration
 o - a beef jerky


   Skills:
 + Level 1.7 Short Blades
 - Level 1.5 Dodging
 - Level 3.6 Stealth
 - Level 2.1 Spellcasting
 * Level 4.0 Hexes


You had 3 spell levels left.
You knew the following spells:

 Your Spells              Type           Power        Failure   Level  Hunger
a - Corona                Hex            ##.....      6%          1    #......
b - Ensorcelled Hibernat  Hex/Ice        #.....       21%         2    ###....


Dungeon Overview and Level Annotations

Branches:
Dungeon (2/15)

Altars:


Innate Abilities, Weirdness & Mutations

You have extremely sharp teeth.
Your natural rate of healing is unusually fast.
When hurt, damage is shared between your health and your magic reserves.
Your bite disrupts and absorbs the magic of your enemies.
Potions and wands cannot restore your health.
You are immune to rotting.


Message History

* * * LOW HITPOINT WARNING * * *
You feel sick.
* * * LOW HITPOINT WARNING * * *
You feel sick.
Found 4 gold pieces.
A ball python comes into view.
A rat comes into view.
* * * LOW HITPOINT WARNING * * *
You feel sick.
You see here 4 gold pieces.
The helpless ball python fails to defend itself.
You puncture the ball python!
You kill the ball python!
* * * LOW HITPOINT WARNING * * *
You feel sick.
Found a stone staircase leading up.
Drink which item? (? for menu, Esc to quit)
That would not heal you.
A kobold comes into view. It is wielding a short sword.
You die...

.# K# #.#
.# #.# (#
##.# .#
##.# .#
##.#
#######.#
##.#
#.....@.#
##.#####
#.########
......<#
#..†r....#
.#.#####
#.$....#.
.#.#
##.#...#
.#.#
#.#<#.#
.#.#
#.#####
...#
#.....#
...#
#####.#


You could see a kobold (sleeping).

Vanquished Creatures
  An adder (D:2)
  An ooze (D:1)
  A worm (D:2)
  A ball python (D:2)
  3 bats
  2 giant cockroaches (D:1)
  3 hobgoblins
  3 kobolds
  A giant newt (D:1)
  3 goblins (D:1)
  A rat (D:1)
20 creatures vanquished.

Notes
Turn   | Place    | Note
--------------------------------------------------------------
     0 | D:1      | MrRokkomies the Vine Stalker Enchanter began the quest for the Orb.
     0 | D:1      | Reached XP level 1. HP: 9/9 MP: 4/4
    67 | D:1      | Reached skill level 1 in Short Blades
   380 | D:1      | Reached XP level 2. HP: 13/13 MP: 1/6
   384 | D:1      | Learned a level 2 spell: Ensorcelled Hibernation
   913 | D:2      | Reached XP level 3. HP: 16/16 MP: 4/7
  1008 | D:2      | Reached skill level 4 in Hexes
  1087 | D:2      | Succumbed to an adder's poison

Action                   || total
-------------------------++-------
Melee: Dagger            ||    50
Throw: Javelin           ||    12
 Cast: Ensorcelled Hiber ||     4
  Use: Scroll            ||     6
       Potion            ||     1
 Stab: Sleeping          ||     7
  Eat: Chunk             ||     1
